TOP OF THE 1ST |
Dunedin Blue Jays batting - Pitching for Potomac Nationals : LHP Ed Thorpe Jr.
|
Pitching: LHP Ed Thorpe Jr.
|
|
Batting: RHB Justin Geiger
|
0-0: Called Strike 0-1: Foul Ball, location: 5FF 0-2: Ball 1-2: Ball 2-2: Fly out, F9 (Flyball, 9D, EV 106.3 MPH)
|
Batting: RHB Luis Gomez
|
0-0: Ball 1-0: Foul Ball, location: 2F 1-1: Ball 2-1: Ball 3-1: SOLO HOME RUN (Flyball, 78XD, EV 101.3 MPH), Distance : 411 ft
|
Batting: RHB James Boynton
|
0-0: Called Strike 0-1: Swinging Strike 0-2: Strikes out swinging
|
Batting: RHB Yojiro Hayashi
|
0-0: Ball 1-0: Swinging Strike 1-1: Foul Ball, location: 9LDF 1-2: Ball 2-2: Foul Ball, location: 2F 2-2: Foul Ball, location: 2F 2-2: Foul Ball, location: 2F 2-2: Foul Ball, location: 2F 2-2: Foul Ball, location: 9LSF 2-2: Ground out 6-3 (Groundball, 56, EV 108.8 MPH)
|
Top of the 1st over - 1 run, 1 hit, 0 errors, 0 left on base; Dunedin 1 - Potomac 0 |
BOTTOM OF THE 1ST |
Potomac Nationals batting - Pitching for Dunedin Blue Jays : RHP Bradley Carriere
|
Pitching: RHP Bradley Carriere
|
|
Batting: SHB Nolan Carew
|
0-0: Ground out U3 (Groundball, 3, EV 105.6 MPH)
|
Batting: RHB Nate Dickinson
|
0-0: SINGLE (Groundball, 56S, EV 86.3 MPH) (infield hit)
|
Batting: RHB Jelexiz Cuenca
|
0-0: Ball 1-0: Ball 2-0: Fly out, F8 (Flyball, 8LXD, EV 95.6 MPH)
|
Batting: RHB Kenny Ball
|
0-0: Ball 1-0: Called Strike Nate Dickinson steals 2nd base (no throw) 1-1: Foul Ball, location: 2F 1-2: Ball Wild Pitch! Nate Dickinson to third 2-2: Ball 3-2: Base on Balls
|
Batting: RHB Luis Vargas
|
0-0: Swinging Strike 0-1: Foul Ball, location: 5F 0-2: Ball 1-2: Reached on error, E6 (Groundball, 6, EV 86.9 MPH) Nate Dickinson scores Kenny Ball to second
|
Batting: RHB Rudolph Lentz
|
0-0: Called Strike 0-1: Swinging Strike 0-2: Ball 1-2: Strikes out swinging
|
Bottom of the 1st over - 1 run, 1 hit, 1 error, 2 left on base; Dunedin 1 - Potomac 1 |
TOP OF THE 2ND |
Dunedin Blue Jays batting - Pitching for Potomac Nationals : LHP Ed Thorpe Jr.
|
Batting: RHB Freddy Quintero
|
0-0: Called Strike 0-1: Swinging Strike 0-2: Foul Ball, location: 2RF 0-2: Strikes out looking
|
Batting: RHB Luis Reyes
|
0-0: Called Strike 0-1: Ground out 1-3 (Groundball, P, EV 67.5 MPH)
|
Batting: RHB Bobby Roldan
|
0-0: Ball 1-0: Ball 2-0: Ball 3-0: Called Strike 3-1: Swinging Strike 3-2: Fly out, F9 (Flyball, 89D, EV 88.1 MPH)
|
Top of the 2nd over - 0 runs, 0 hits, 0 errors, 0 left on base; Dunedin 1 - Potomac 1 |
BOTTOM OF THE 2ND |
Potomac Nationals batting - Pitching for Dunedin Blue Jays : RHP Bradley Carriere
|
Batting: SHB Jose Melendez
|
0-0: Ground out 4-3 (Groundball, 4, EV 86.9 MPH)
|
Batting: RHB Billy Williamson
|
0-0: Ball 1-0: Ball 2-0: Called Strike 2-1: Foul Ball, location: 9LDF 2-2: Foul Ball, location: 9LMF 2-2: Foul Ball, location: 5F 2-2: Strikes out swinging
|
Batting: RHB Franklin Ortega
|
0-0: Ball 1-0: Ball 2-0: Fly out, F8 (Flyball, 78M, EV 80.6 MPH)
|
Bottom of the 2nd over - 0 runs, 0 hits, 0 errors, 0 left on base; Dunedin 1 - Potomac 1 |
TOP OF THE 3RD |
Dunedin Blue Jays batting - Pitching for Potomac Nationals : LHP Ed Thorpe Jr.
|
Batting: RHB Lao-che Zhu
|
0-0: Ball 1-0: Called Strike 1-1: Ball 2-1: Foul Ball, location: 9LMF 2-2: Foul Ball, location: 5DF 2-2: Foul Ball, location: 23FF 2-2: Strikes out swinging
|
Batting: RHB Jose Ontiveros
|
0-0: Ground out 5-3 (Groundball, 25, EV 91.9 MPH)
|
Batting: RHB Justin Geiger
|
0-0: Swinging Strike 0-1: Foul Ball, location: 7LSFF 0-2: Ball 1-2: Fly out, F9 (Flyball, 89M, EV 83.8 MPH)
|
Top of the 3rd over - 0 runs, 0 hits, 0 errors, 0 left on base; Dunedin 1 - Potomac 1 |
BOTTOM OF THE 3RD |
Potomac Nationals batting - Pitching for Dunedin Blue Jays : RHP Bradley Carriere
|
Batting: SHB Nolan Carew
|
0-0: Ball 1-0: Fly out, F8 (Flyball, 8LXD, EV 97.5 MPH)
|
Batting: RHB Nate Dickinson
|
0-0: Called Strike 0-1: Ball 1-1: Called Strike 1-2: Ball 2-2: Strikes out swinging
|
Batting: RHB Jelexiz Cuenca
|
0-0: SINGLE (Line Drive, 7LS, EV 91.9 MPH)
|
Batting: RHB Kenny Ball
|
0-0: Fielders Choice at 2nd, 4-6 (Groundball, 6M, EV 89.4 MPH)
|
Bottom of the 3rd over - 0 runs, 1 hit, 0 errors, 1 left on base; Dunedin 1 - Potomac 1 |
TOP OF THE 4TH |
Dunedin Blue Jays batting - Pitching for Potomac Nationals : LHP Ed Thorpe Jr.
|
Batting: RHB Luis Gomez
|
0-0: Called Strike 0-1: Fly out, F7 (Flyball, 7LM, EV 92.5 MPH)
|
Batting: RHB James Boynton
|
0-0: Called Strike 0-1: SINGLE (Groundball, 4MD, EV 101.3 MPH)
|
Batting: RHB Yojiro Hayashi
|
0-0: Foul Ball, location: 9LDF 0-1: Ball 1-1: Ball 2-1: Ball 3-1: Fly out, F4 (Line Drive, 4M, EV 68.8 MPH)
|
Batting: RHB Freddy Quintero
|
0-0: Ball 1-0: Called Strike 1-1: Foul Ball, location: 3FF 1-2: Ball 2-2: Foul Ball, location: 9LDF 2-2: Ground out 5-3 (Groundball, 56S, EV 81.3 MPH)
|
Top of the 4th over - 0 runs, 1 hit, 0 errors, 1 left on base; Dunedin 1 - Potomac 1 |
BOTTOM OF THE 4TH |
Potomac Nationals batting - Pitching for Dunedin Blue Jays : RHP Bradley Carriere
|
Batting: RHB Luis Vargas
|
0-0: Ball 1-0: Called Strike 1-1: Called Strike 1-2: Ball 2-2: Fly out, F9 (Line Drive, 89M, EV 101.9 MPH)
|
Batting: RHB Rudolph Lentz
|
0-0: Foul Ball, location: 23FF 0-1: Foul Ball, location: 9LDF 0-2: Ball 1-2: Ball 2-2: Ball 3-2: Ground out 5-3 (Groundball, 56S, EV 87.5 MPH)
|
Batting: SHB Jose Melendez
|
0-0: Foul Ball, location: 7LMF 0-1: Ground out 3-1 (Groundball, 34S, EV 83.8 MPH)
|
Bottom of the 4th over - 0 runs, 0 hits, 0 errors, 0 left on base; Dunedin 1 - Potomac 1 |
TOP OF THE 5TH |
Dunedin Blue Jays batting - Pitching for Potomac Nationals : LHP Ed Thorpe Jr.
|
Batting: RHB Luis Reyes
|
0-0: Called Strike 0-1: Ball 1-1: Ground out 4-3 (Groundball, 4MD, EV 80.0 MPH)
|
Batting: RHB Bobby Roldan
|
0-0: Ball 1-0: Foul Ball, location: 23F 1-1: Ball 2-1: Foul Ball, location: 2F 2-2: SINGLE (Line Drive, 56D, EV 105.0 MPH)
|
Batting: RHB Lao-che Zhu
|
0-0: Called Strike 0-1: Ball Wild Pitch! Bobby Roldan to second 1-1: Foul Ball, location: 2F 1-2: Ball 2-2: Strikes out looking
|
Batting: RHB Jose Ontiveros
|
0-0: Ball 1-0: Foul Ball, location: 2F 1-1: Foul Ball, location: 9LDF 1-2: Ball 2-2: Ball 3-2: Strikes out swinging
|
Top of the 5th over - 0 runs, 1 hit, 0 errors, 1 left on base; Dunedin 1 - Potomac 1 |
BOTTOM OF THE 5TH |
Potomac Nationals batting - Pitching for Dunedin Blue Jays : RHP Bradley Carriere
|
Batting: RHB Billy Williamson
|
0-0: Called Strike 0-1: Swinging Strike 0-2: Strikes out looking
|
Batting: RHB Franklin Ortega
|
0-0: Called Strike 0-1: Ground out 6-3 (Groundball, 56, EV 98.1 MPH)
|
Batting: SHB Nolan Carew
|
0-0: Ball 1-0: Ball 2-0: Fly out, F8 (Flyball, 8RD, EV 104.4 MPH)
|
Bottom of the 5th over - 0 runs, 0 hits, 0 errors, 0 left on base; Dunedin 1 - Potomac 1 |
TOP OF THE 6TH |
Dunedin Blue Jays batting - Pitching for Potomac Nationals : LHP Ed Thorpe Jr.
|
Batting: RHB Justin Geiger
|
0-0: Called Strike 0-1: Ball 1-1: Foul Ball, location: 2F 1-2: Ball 2-2: Foul Ball, location: 9LMF 2-2: Ball 3-2: Foul Ball, location: 5DF 3-2: DOUBLE (Line Drive, 78M, EV 95.0 MPH)
|
Pitching: LHP Mike Rosas
|
|
Batting: RHB Luis Gomez
|
0-0: Foul Ball, location: 23F 0-1: Ball 1-1: DOUBLE (Line Drive, 89M, EV 88.8 MPH) Justin Geiger scores
|
Pinch Runner at 2nd Scott Travis:
|
|
Batting: RHB James Boynton
|
0-0: Ball 1-0: SINGLE (Line Drive, 9LS, EV 105.6 MPH) Scott Travis to third Runner from 3rd tries for Home, throw by RF and OUT! 9-2
|
Batting: RHB Yojiro Hayashi
|
0-0: Foul Ball, location: 25F 0-1: Grounds into double play, 6-4-3 (Groundball, 6, EV 106.9 MPH)
|
Top of the 6th over - 1 run, 3 hits, 0 errors, 0 left on base; Dunedin 2 - Potomac 1 |
BOTTOM OF THE 6TH |
Potomac Nationals batting - Pitching for Dunedin Blue Jays : RHP Bradley Carriere
|
Now in RF: Danny Bailey
|
|
Batting: RHB Nate Dickinson
|
0-0: Called Strike 0-1: Ball 1-1: Ball 2-1: Fly out, F9 (Flyball, 89S, EV 80.0 MPH)
|
Batting: RHB Jelexiz Cuenca
|
0-0: Called Strike 0-1: Ball 1-1: Ball 2-1: Ball 3-1: Foul Ball, location: 2F 3-2: Base on Balls
|
Batting: RHB Kenny Ball
|
0-0: Ball 1-0: Ball 2-0: Foul Ball, location: 2F 2-1: Grounds into double play, 3-6-3 (Groundball, 3S, EV 85.0 MPH)
|
Bottom of the 6th over - 0 runs, 0 hits, 0 errors, 0 left on base; Dunedin 2 - Potomac 1 |
TOP OF THE 7TH |
Dunedin Blue Jays batting - Pitching for Potomac Nationals : LHP Mike Rosas
|
Batting: RHB Freddy Quintero
|
0-0: Ball 1-0: Called Strike 1-1: Ball 2-1: Foul Ball, location: 5F 2-2: Foul Ball, location: 2F 2-2: Foul Ball, location: 25F 2-2: SOLO HOME RUN (Flyball, 9LD, EV 89.4 MPH), Distance : 339 ft
|
Batting: RHB Luis Reyes
|
0-0: Ground out 4-3 (Groundball, 4, EV 80.0 MPH)
|
Batting: RHB Bobby Roldan
|
0-0: Ball 1-0: Ball 2-0: Ball 3-0: Base on Balls
|
Batting: RHB Lao-che Zhu
|
0-0: Called Strike 0-1: Foul Ball, location: 25FF 0-2: Ball 1-2: Strikes out swinging Bobby Roldan is caught stealing 2nd base 2-4 Batter strikes out.
|
Top of the 7th over - 1 run, 1 hit, 0 errors, 0 left on base; Dunedin 3 - Potomac 1 |
BOTTOM OF THE 7TH |
Potomac Nationals batting - Pitching for Dunedin Blue Jays : RHP Bradley Carriere
|
Batting: RHB Luis Vargas
|
0-0: Ball 1-0: Foul Ball, location: 9LMF 1-1: Called Strike 1-2: Ball 2-2: Foul Ball, location: 2F 2-2: Ball 3-2: Base on Balls
|
Pitching: RHP Gu Won
|
|
Pinch Hitting: LHB Diego Gutierres
|
0-0: Grounds into double play, 5-6-3 (Groundball, 6, EV 105.0 MPH)
|
Pinch Hitting: RHB Leo Gutierrez
|
0-0: Ball 1-0: Foul Ball, location: 9LSF 1-1: Called Strike 1-2: Foul Ball, location: 5SF 1-2: Foul Ball, location: 2F 1-2: Strikes out swinging
|
Bottom of the 7th over - 0 runs, 0 hits, 0 errors, 0 left on base; Dunedin 3 - Potomac 1 |
TOP OF THE 8TH |
Dunedin Blue Jays batting - Pitching for Potomac Nationals : LHP Mike Rosas
|
Now in LF: Leo Gutierrez
|
|
Now in CF: Nate Dickinson
|
|
Now in RF: Diego Gutierres
|
|
Batting: RHB Jose Ontiveros
|
0-0: Foul Ball, location: 2F 0-1: SINGLE (Line Drive, 6D, EV 100.6 MPH)
|
Batting: RHB Justin Geiger
|
0-0: Called Strike 0-1: Swinging Strike 0-2: SINGLE (Groundball, 4D, EV 106.9 MPH) Jose Ontiveros to second Runner from 2nd tries for 3rd, SAFE, throw by CF made to third
|
Pinch Hitting: RHB Terry Plumley
|
0-0: Called Strike 0-1: Grounds into double play, 4-6-3 (Groundball, 4, EV 101.9 MPH) Jose Ontiveros scores
|
Batting: RHB James Boynton
|
0-0: Called Strike 0-1: Called Strike 0-2: Strikes out swinging
|
Top of the 8th over - 1 run, 2 hits, 0 errors, 0 left on base; Dunedin 4 - Potomac 1 |
BOTTOM OF THE 8TH |
Potomac Nationals batting - Pitching for Dunedin Blue Jays : RHP Gu Won
|
Now at 1B: Rodrigo Briceno
|
|
Now in RF: Jorge Baret
|
|
Pinch Hitting: LHB Chance McWilliams
|
0-0: Swinging Strike 0-1: Ball 1-1: Foul Ball, location: 9LSF 1-2: Ball 2-2: Ground out 3-1 (Groundball, 34, EV 84.4 MPH)
|
Pinch Hitting: SHB Fernando Fundora
|
0-0: Called Strike 0-1: Foul Ball, location: 3F 0-2: Strikes out swinging
|
Batting: SHB Nolan Carew
|
0-0: Called Strike 0-1: SINGLE (Line Drive, 89S, EV 105.6 MPH)
|
Batting: RHB Nate Dickinson
|
0-0: Ball 1-0: Fly out, F8 (Flyball, 8RM, EV 92.5 MPH)
|
Bottom of the 8th over - 0 runs, 1 hit, 0 errors, 1 left on base; Dunedin 4 - Potomac 1 |
TOP OF THE 9TH |
Dunedin Blue Jays batting - Pitching for Potomac Nationals : LHP Mike Rosas
|
Pitching: RHP Kareem Linz
|
|
Now at 2B: Bobby Bricker
|
|
Now at 3B: Jelexiz Cuenca
|
|
Now at SS: Steve Boice
|
|
Batting: RHB Yojiro Hayashi
|
0-0: Ball 1-0: Fly out, F8 (Flyball, 8LM, EV 93.8 MPH)
|
Batting: RHB Freddy Quintero
|
0-0: Ball 1-0: Called Strike 1-1: Foul Ball, location: 5F 1-2: Strikes out looking
|
Batting: RHB Luis Reyes
|
0-0: Ball 1-0: Ball 2-0: Ground out 5-3 (Groundball, 56D, EV 96.9 MPH)
|
Top of the 9th over - 0 runs, 0 hits, 0 errors, 0 left on base; Dunedin 4 - Potomac 1 |
BOTTOM OF THE 9TH |
Potomac Nationals batting - Pitching for Dunedin Blue Jays : RHP Gu Won
|
Batting: RHB Jelexiz Cuenca
|
0-0: Ball 1-0: Foul Ball, location: 2F 1-1: Foul Ball, location: 3F 1-2: Ground out 6-3 (Groundball, 6, EV 88.8 MPH)
|
Batting: RHB Kenny Ball
|
0-0: Called Strike 0-1: Called Strike 0-2: Ball 1-2: Ball 2-2: Strikes out looking
|
Batting: RHB Luis Vargas
|
0-0: Ball 1-0: Swinging Strike 1-1: Fly out, F7 (Flyball, 7D, EV 110.6 MPH)
|
Bottom of the 9th over - 0 runs, 0 hits, 0 errors, 0 left on base; Dunedin 4 - Potomac 1 |
|